 Dungeon Crawl Stone Soup version 0.28.0-43-g3370ac3207 (webtiles) character file.

Game seed: 11616522179758910799

66 pkoi the Conjurer (level 3, 0/26 HPs)
             Began as a Draconian Conjurer on Mar 1, 2022.
             Slain by Robin
             ... wielding a +0 mace
              (6 damage)
             ... on level 2 of the Dungeon.
             The game lasted 00:03:14 (2702 turns).

pkoi the Conjurer (Draconian Conjurer)              Turns: 2702, Time: 00:03:15

Health: 0/26       AC:  6    Str:  9    XL:     3   Next: 96%
Magic:  0/6        EV: 12    Int: 20    God:
Gold:   120        SH:  0    Dex:  9    Spells: 3/6 levels left

rFire   . . .      SeeInvis .   a - +0 club
rCold   . . .      Faith    .   (no shield)
rNeg    . . .      Spirit   +   (armour unavailable)
rPois   .          Reflect  .   (helmet restricted)
rElec   .          Harm     .   g - +0 cloak
rCorr   .          Rampage  .   (no gloves)
Will    .....                   (no boots)
Stlth   ++........              h - amulet of guardian spirit
HPRegen 0.08/turn               (no ring)
MPRegen 0.10/turn               (no ring)

@: no status effects
A: AC +5, unfitting armour, cold-blooded
a: no special abilities


You were on level 2 of the Dungeon.
You visited 1 branch of the dungeon, and saw 2 of its levels.

You collected 120 gold pieces.

Inventory:

Hand Weapons
 a - a +0 club (weapon)
Missiles
 c - 4 curare-tipped darts
Armour
 g - a +0 cloak (worn)
Jewellery
 h - an amulet of guardian spirit (around neck)
Scrolls
 b - 3 scrolls of teleportation
 d - a scroll of identify
Potions
 e - 2 potions of mutation


   Skills:
 - Level 1.7 Dodging
 - Level 1.7 Stealth
 - Level 2.0 Spellcasting
 + Level 5.6 Conjurations


You had 3 spell levels left.
You knew the following spells:

 Your Spells              Type           Power      Damage    Failure   Level
a - Magic Dart            Conj           96%        1d7       1%          1
b - Searing Ray           Conj           48%        2d6       2%          2

Your spell library contained the following spells:

 Spells                   Type           Power      Damage    Failure   Level
 Dazzling Flash           Conj/Hex       26%        N/A       16%         3
 Fulminant Prism          Conj/Hex       6%         3d7       45%         4
 Iskenderun's Mystic Bla  Conj/Tloc      13%        2d5       45%         4


Dungeon Overview and Level Annotations

Branches:
Dungeon (2/15)

Altars:

Annotations:
D:2 Robin


Innate Abilities, Weirdness & Mutations

Your plain brown scales are hard. (AC +5)
You cannot fit into any form of body armour.
You are cold-blooded and may be slowed by cold attacks.


Message History

* * * LOW HITPOINT WARNING * * *
Robin hits you but does no damage.
You hit Robin but do no damage.
Robin is severely wounded.
The goblin shoots a stone.
The stone hits you but does no damage. Robin barely misses you.
Unknown command.
Aiming: Magic Dart (safe; 1% risk of failure)
Press: ? - help, Q - select action, (/) - cycle Shift-Dir - straight line, f/p - Robin
Aim: Robin, wielding a +0 mace, wearing a +0 animal skin and wearing a +0 helmet (severely wounded, unusually resistant, 100% to hit)
The magic dart hits Robin.
Robin is severely wounded.
The goblin shoots a stone.
The stone hits you.
* * * LOW HITPOINT WARNING * * *
Robin barely misses you.
The goblin shoots a stone.
The stone barely misses you.
The goblin shoots a stone.
The stone hits you but does no damage.
Items here: ( ))) ††.
You see here a +0 club.
You see here a +0 club.
Things that are here:
a +0 dagger; a goblin corpse The goblin no longer looks unusually strong.
Robin roars a battlecry!
The goblin goes into a battle-frenzy!
Aiming: Magic Dart (safe; 1% risk of failure)
Press: ? - help, Q - select action, (/) - cycle Shift-Dir - straight line, f/p - Robin
Aim: Robin, wielding a +0 mace, wearing a +0 animal skin and wearing a +0 helmet (severely wounded, unusually resistant, 100% to hit)
The magic dart hits Robin but does no damage.
Robin is severely wounded.
The goblin no longer looks unusually strong.
Aiming: Magic Dart (safe; 1% risk of failure)
Press: ? - help, Q - select action, (/) - cycle Shift-Dir - straight line, f/p - Robin
Aim: Robin, wielding a +0 mace, wearing a +0 animal skin and wearing a +0 helmet (severely wounded, unusually resistant, 100% to hit)
The magic dart hits Robin.
Robin is almost dead.
Robin roars a battlecry!
The goblin goes into a battle-frenzy!
Robin is no longer unusually resistant.
Robin hits you with a +0 mace.
You die...

# #)# #...#.#.## # # #)#
##.##.#..# # # #)# #.##.##.#
####### # #g# #.##.##.#
######...... # #.# #.##.##.#
#........... #
#.#######.##.##.###.####.#####
# #.#..........##.....# #.# #
#.....###.......########@# #
###.#.....g.g@.......@...# #
#........)....##########
######..############ ........#
#########


You could see Robin and a goblin (strong).

Vanquished Creatures
  Terence (D:2)
  A worm (D:2)
  A dart slug (D:1)
  5 ball pythons (D:1)
  2 bats (D:1)
  2 endoplasms
  A giant cockroach (D:1)
  10 goblins
  5 hobgoblins
  A frilled lizard (D:2)
  A kobold (D:1)
  A rat (D:1)
31 creatures vanquished.

Notes
Turn   | Place    | Note
-------+----------+-------------------------------------------
     0 | D:1      | pkoi the Draconian Conjurer began the quest for the Orb.
     0 | D:1      | Reached XP level 1. HP: 14/14 MP: 3/3
   501 | D:1      | Reached XP level 2. HP: 20/20 MP: 0/5
  1219 | D:1      | Found a faded altar of an unknown god.
  1401 | D:2      | Noticed Terence
  1448 | D:1      | Learned a level 2 spell: Searing Ray
  1623 | D:2      | Noticed Robin
  1694 | D:2      | Reached skill level 5 in Conjurations
  1984 | D:2      | Reached XP level 3. HP: 26/26 MP: 0/6
  2126 | D:2      | Killed Terence
  2702 | D:2      | Slain by Robin

Illustrated notes

Levels and vault maps discovered:
D:1:      nicolae_arrival_somewhat_less_tricky_arrival, layout_loops_ring,
          chequers_ecumenical_altar_island
D:2:      layout_loops_ring, uniq_terence, uniq_robin

Skill      XL: |  1  2 |
---------------+-------+-----
Conjurations   | 5 |  5.6
Dodging        | |  1.7
Stealth        | |  1.7
Spellcasting   | |  2.0

Action                   || total
-------------------------++-------
Melee: Unarmed           ||     9
       Tailslap          ||     3
       Club              ||    36
 Cast: Magic Dart        ||    59
       Searing Ray       ||     3
  Use: Scroll            ||     4
       Potion            ||     3
 Stab: Invisible         ||     3
Armor: Skin              ||    20
Dodge: Dodged            ||    36
